 Dungeon Crawl Stone Soup version 0.27-a0-1137-g3ef0f4ec91 (webtiles) character file.

Game seed: 913015642471929584

37 reriks the Gusty (level 3, -1/19 HPs)
             Began as a Tengu Air Elementalist on May 6, 2021.
             Succumbed to an adder's poison
             ... on level 2 of the Dungeon.
             The game lasted 00:03:09 (2088 turns).

reriks the Gusty (Tengu Air Elementalist)           Turns: 2088, Time: 00:03:09

Health: -1/19      AC:  2    Str:  8    XL:     3   Next: 41%
Magic:  2/7        EV: 12    Int: 16    God:
Gold:   29         SH:  0    Dex: 14    Spells: 5/6 levels left

rFire    . . .     SeeInvis .   d - +0 dagger
rCold    . . .     Faith    .   (no shield)
rNeg     . . .     Spirit   .   a - +0 robe
rPois    .         Reflect  .   (helmet restricted)
rElec    .         Harm     .   (no cloak)
rCorr    .         Rampage  .   (no gloves)
Will     .....                  (boots unavailable)
Stlth    ++........             (no amulet)
HPRegen  0.06/turn              (no ring)
MPRegen  0.10/turn              (no ring)

@: lethally poisoned (-1 -> -13)
A: beak, talons 3
a: no special abilities


You were on level 2 of the Dungeon.
You visited 1 branch of the dungeon, and saw 3 of its levels.

You collected 29 gold pieces.

Inventory:

Hand Weapons
 d - a +0 dagger (weapon)
Armour
 a - a +0 robe (worn)
 c - a +0 tower shield
Scrolls
 f - a scroll of noise {unknown}
 g - a scroll of torment {unknown}
Potions
 b - a potion of mutation {unknown}
 e - a potion of heal wounds {unknown}


   Skills:
 + Level 1.0 Armour
 + Level 2.6 Dodging
 - Level 2.1 Stealth
 + Level 0.9 Shields
 + Level 2.2 Spellcasting
 + Level 2.0 Conjurations
 + Level 4.3 Air Magic


You had 5 spell levels left.
You knew the following spells:

 Your Spells              Type           Power      Damage    Failure   Level
a - Shock                 Conj/Air       48%        1d6       5%          1

Your spell library contained the following spells:

 Spells                   Type           Power      Damage    Failure   Level
 Static Discharge         Conj/Air       12%        N/A       9%          2
 Swiftness                Air            15%        N/A       11%         3
 Animate Skeleton         Necr           2%         N/A       21%         1
 Apportation              Tloc           2%         N/A       21%         1
 Corona                   Hex            1%         N/A       21%         1
 Summon Small Mammal      Summ           4%         N/A       21%         1
 Airstrike                Air            7%         N/A       34%         4
 Lightning Bolt           Conj/Air       6%         1d18      83%         5


Dungeon Overview and Level Annotations

Branches:
Dungeon (3/15)

Altars:

Shops:
D:2 [

Annotations:
D:2 Natasha


Innate Abilities, Weirdness & Mutations

You have a beak for a mouth.
You have claws for feet.


Message History

The adder bites you.
You are poisoned.
The adder poisons you!
Casting: Shock (safe; 5% risk of failure)
Confirm with . or Enter, or press ? or * to list all spells.
Aiming: Shock (safe; 5% risk of failure)
Press: ? - help, Shift-Dir - straight line The zap misses the adder.
The zap hits the ogre.
The ogre is lightly wounded.
The zap hits the ogre.
The ogre is lightly wounded.
You feel sick. The adder bites you.
Casting: Shock (safe; 5% risk of failure)
Confirm with . or Enter, or press ? or * to list all spells.
Aiming: Shock (safe; 5% risk of failure)
Press: ? - help, Shift-Dir - straight line The zap misses the adder.
The zap hits the ogre.
The ogre is moderately wounded.
The zap hits the ogre.
The ogre is moderately wounded.
You feel sick. The adder bites you.
You are lethally poisoned!
The adder poisons you! The adder bites you.
* * * LOW HITPOINT WARNING * * *
You are more poisoned.
The adder poisons you!
Casting: Shock (safe; 5% risk of failure)
Confirm with . or Enter, or press ? or * to list all spells.
Aiming: Shock (safe; 5% risk of failure)
Press: ? - help, Shift-Dir - straight line The zap hits the adder.
You kill the adder!
The zap misses the ogre.
The zap hits the rat.
The rat is heavily wounded.
The zap hits the rat.
You kill the rat!
* * * LOW HITPOINT WARNING * * *
You feel very sick.
Your Armour skill increases to level 1!
You die...

#.# ..... #.# .$.#
#.# # #.# # #.#
.##### ##.##
...... #...# #...
#...# ####...
#.@.# #..r....
#...# ##.......#
#(.O# #........
#...######........
#.....S.##........
#...###.O.........
#...# ####........
##### ##.......
.......


You could see an ogre.

Vanquished Creatures
  An adder (D:2)
  An orc (D:2)
  3 endoplasms
  2 giant cockroaches
  A goblin (D:1)
  4 hobgoblins
  A kobold (D:1)
  2 ball pythons
  6 bats
  2 frilled lizards
  3 rats
26 creatures vanquished.

Notes
Turn   | Place    | Note
-------+----------+-------------------------------------------
     0 | D:1      | reriks the Tengu Air Elementalist began the quest for the
                  | Orb.
     0 | D:1      | Reached XP level 1. HP: 10/10 MP: 4/4
   422 | D:1      | Reached XP level 2. HP: 15/15 MP: 1/6
  1641 | D:2      | Noticed an ogre
  1650 | D:3      | Reached XP level 3. HP: 19/19 MP: 1/7
  1912 | D:2      | Found Bexymewo's Antique Armour Boutique.
  1951 | D:2      | Noticed Natasha
  2072 | D:2      | Noticed an ogre
  2088 | D:2      | Reached skill level 1 in Armour
  2088 | D:2      | Succumbed to an adder's poison

Illustrated notes

Levels and vault maps discovered:
D:1:      dpeg_arrival_round_a, layout_loops_ring, minmay_misc_feat_enclosed,
          chequers_serial_rivers_micro_a, patterned_corridor
D:2:      layout_rooms, serial_shops, nicolae_shop_competitors_out_of_business,
          chequers_serial_rivers_room_b, uniq_natasha
D:3:      layout_rooms, lemuel_round_altar, general_overflow_altar,
          grunt_gozag_statues, gammafunk_ghost_gnarly_gnolls

Skill      XL: |  1  2  3 |
---------------+----------+-----
Conjurations   | 2 |  2.0
Armour         | 1 |  1.0
Dodging        | |  2.6
Stealth        | |  2.1
Shields        | |  0.9
Spellcasting   | |  2.2
Air Magic      | |  4.3

Action                   || total
-------------------------++-------
Melee: Dagger            ||     6
       Peck              ||     3
 Cast: Shock             ||    56
Armor: Robe              ||     3
Dodge: Dodged            ||    10

Table legend: (Time is in decaauts)
 A = Elapsed time spent in this place.
 B = Non-inter-level travel time spent in this place.
 C = Inter-level travel time spent in this place.
 D = Time resting spent in this place.
 E = Time spent auto-exploring this place.
 F = Levels seen in this place.
 G = Mean time per level.
                   A        B        C        D        E       F      G
               +--------+--------+--------+--------+--------+-----+--------+
         Total |   2088 |   1994 |     94 |    930 |    806 |   3 |  696.0 |
       Dungeon |   2088 |   1994 |     94 |    930 |    806 |   3 |  696.0 |
               +--------+--------+--------+--------+--------+-----+--------+

Top non-repeatable levels by time:
     D:1: 1440 daAuts
     D:2: 632 daAuts
     D:3: 15 daAuts
